 Dungeon Crawl Stone Soup version 0.28.0 (webtiles) character file.

Game seed: 6553215483409082407

419369 Softman25 the Conqueror (level 22, -45/233 HPs)
             Began as a Minotaur Fighter on Feb 27, 2022.
             Was the Champion of Okawaru.
             Killed from afar by Frederick (76 damage)
             ... with a bolt of cold
             ... on level 3 of the Depths.
             The game lasted 01:56:45 (40785 turns).

Softman25 the Conqueror (Minotaur Fighter)         Turns: 40785, Time: 01:56:45

Health: -45/233    AC: 45    Str: 31    XL:     22   Next: 30%
Magic:  26/26      EV: 10    Int:  5    God:    Okawaru [******]
Gold:   3347       SH: 40    Dex: 20    Spells: 21/21 levels left

rFire   + . .      SeeInvis +   p - +12 war axe of Lublant {flame, rPois rF+ rC- SInv}
rCold   x . .      Faith    .   O - +18 shield of the Gong {rElec rN+ Will+ EV-5}
rNeg    + . .      Spirit   .   W - +7 plate armour "Gurhiest" {Dex+6}
rPois   +          Reflect  +   n - +2 hat
rElec   +          Harm     .   E - +2 cloak {rCorr}
rCorr   +          Rampage  +   C - +0 pair of fencer's gloves {Riposte Dex+3}
Will    ++...                   s - +2 pair of boots {rampage}
Stlth   ..........              M - amulet of reflection
HPRegen 0.48/turn               z - +4 ring of slaying
MPRegen 0.20/turn               d - +4 ring of protection

@: no status effects
A: horns 2, retaliatory headbutt
}: 3/15 runes: decaying, serpentine, silver
a: Renounce Religion, Heroism, Finesse, Duel


You were on level 3 of the Depths.
You worshipped Okawaru.
Okawaru was exalted by your worship.
You visited 7 branches of the dungeon, and saw 39 of its levels.
You also visited: Bailey and Gauntlet.

You collected 5753 gold pieces.
You spent 2406 gold pieces at shops.

Inventory:

Hand Weapons
 p - the +12 war axe of Lublant (weapon) {flame, rPois rF+ rC- SInv}
   (You took it off a minotaur in a Gauntlet)

   It burns those it strikes, dealing additional fire damage.
   Big, fiery blades are also staple armaments of hydra-hunters.
   rF:        It protects you from fire.
   rC:        It makes you vulnerable to cold.
   rPois:     It protects you from poison.
   SInv:      It lets you see invisible.
Missiles
 h - 34 boomerangs (quivered)
 o - 6 silver boomerangs
 L - 5 throwing nets
Armour
 n - a +2 hat (worn)
 s - a +2 pair of boots of rampaging (worn)
 C - the +0 pair of fencer's gloves (worn) {Riposte Dex+3}
   (Okawaru gifted it to you on level 4 of the Snake Pit)

   It allows the wearer to riposte with melee weapons, swiftly retaliating
   against missed attacks.
   Dex:       It affects your dexterity (+3).
 E - a +2 cloak of preservation (worn)
 O - the +18 shield of the Gong (worn) {rElec rN+ Will+ EV-5}
   (You found it on level 12 of the Dungeon)

   It is deafeningly noisy when blocking attacks.
   EV:        It affects your evasion (-5).
   rElec:     It insulates you from electricity.
   rN:        It protects you from negative energy.
   Will:      It increases your willpower.
 W - the +7 plate armour "Gurhiest" (worn) {Dex+6}
   (You found it on level 1 of the Depths)

   Dex:       It affects your dexterity (+6).
Jewellery
 d - a +4 ring of protection (right hand)
 z - a +4 ring of slaying (left hand)
 M - an amulet of reflection (around neck)
Wands
 c - a wand of acid (14)
 g - a wand of digging (21)
 r - a wand of paralysis (10)
 t - a wand of iceblast (32)
 A - a wand of polymorph (14)
 U - a wand of flame (22)
Scrolls
 b - 15 scrolls of teleportation
 e - 5 scrolls of blinking
 m - 4 scrolls of fear
 u - a scroll of magic mapping
 y - 22 scrolls of identify
 F - 3 scrolls of fog
 H - 3 scrolls of brand weapon
 I - 3 scrolls of amnesia
 K - a scroll of silence
 P - 8 scrolls of enchant weapon
Potions
 i - 7 potions of cancellation
 j - 6 potions of heal wounds
 k - 12 potions of curing
 l - 9 potions of flight
 v - 8 potions of brilliance
 w - 10 potions of haste
 B - 5 potions of might
 D - 4 potions of invisibility
 G - 7 potions of ambrosia
 N - 4 potions of magic
 Q - 5 potions of berserk rage
Miscellaneous
 J - a piece from Xom's chessboard (15/15)
 S - a tin of tremorstones (2/2)


   Skills:
 O Level 27 Fighting
 - Level 20.0 Axes
 O Level 27 Armour
 - Level 10.0 Dodging
 + Level 21.9 Shields
 - Level 7.0 Invocations


You had 21 spell levels left.
You didn't know any spells.
Your spell library contained the following spells:

 Spells                   Type           Power      Damage    Failure   Level
 Apportation              Tloc           0%         N/A       87%         1
 Foxfire                  Conj/Fire      0%         2x1d4     87%         1
 Pain                     Necr           0%         1d4       87%         1
 Sandblast                Erth           0%         2d4       87%         1
 Slow                     Hex            0%         N/A       87%         1
 Sting                    Tmut/Pois      0%         1d3       87%         1
 Ensorcelled Hibernation  Hex/Ice        0%         N/A       95%         2
 Passwall                 Tmut/Erth      0%         N/A       95%         2
 Poisonous Vapours        Pois/Air       0%         N/A       95%         2
 Scorch                   Fire           0%         2d5       95%         2
 Searing Ray              Conj           0%         2d4       95%         2
 Static Discharge         Conj/Air       0%         N/A       95%         2
 Sublimation of Blood     Necr           0%         N/A       95%         2
 Wereblood                Tmut           0%         N/A       95%         2
 Confusing Touch          Hex            0%         N/A       99%         3
 Conjure Flame            Conj/Fire      0%         6-21      99%         3
 Gell's Gravitas          Tloc           0%         N/A       99%         3
 Inner Flame              Hex/Fire       0%         N/A       99%         3
 Lesser Beckoning         Tloc           0%         N/A       99%         3
 Stone Arrow              Conj/Erth      0%         3d7       99%         3
 Swiftness                Air            0%         N/A       99%         3
 Teleport Other           Tloc           0%         N/A       99%         3
 Anguish                  Hex/Necr       0%         N/A       100%        4
 Cause Fear               Hex            0%         N/A       100%        4
 Flame Wave               Conj/Fire      0%         2d4       100%        4
 Hailstorm                Conj/Ice       0%         3d3       100%        4
 Olgreb's Toxic Radiance  Pois           0%         N/A       100%        4
 Passage of Golubria      Tloc           0%         N/A       100%        4
 Petrify                  Tmut/Erth      0%         N/A       100%        4
 Agony                    Necr           0%         N/A       100%        5
 Alistair's Intoxication  Tmut/Pois      0%         N/A       100%        5
 Blade Hands              Tmut           0%         N/A       100%        5
 Excruciating Wounds      Necr           0%         N/A       100%        5
 Fireball                 Conj/Fire      0%         3d3       100%        5
 Freezing Cloud           Conj/Ice/Air   0%         6-21      100%        5
 Irradiate                Conj/Tmut      0%         3d13      100%        5
 Lightning Bolt           Conj/Air       0%         1d11      100%        5
 Metabolic Englaciation   Hex/Ice        0%         N/A       100%        5
 Yara's Violent Unravell  Hex/Tmut       0%         3d3       100%        5
 Dispersal                Tloc           0%         N/A       100%        6
 Iron Shot                Conj/Erth      0%         9d1       100%        6
 Starburst                Conj/Fire      0%         6d3       100%        6
 Statue Form              Tmut/Erth      0%         N/A       100%        6
 Dragon Form              Tmut           0%         N/A       100%        7
 Enfeeble                 Hex            0%         N/A       100%        7
 Discord                  Hex            0%         N/A       100%        8
 Maxwell's Capacitive Co  Air            0%         ∞         100%        8
 Fire Storm               Conj/Fire      0%         5d1       100%        9
 Polar Vortex             Ice            0%         N/A       100%        9
 Tukima's Dance           Hex            Unusable   N/A       N/A         3
 Animate Armour           Summ/Erth      Unusable   N/A       N/A         4
 Summon Forest            Summ/Tloc      Unusable   N/A       N/A         5
 Simulacrum               Ice/Necr       Unusable   N/A       N/A         6
 Malign Gateway           Summ/Tloc      Unusable   N/A       N/A         7
 Dragon's Call            Summ           Unusable   N/A       N/A         9

Dungeon Overview and Level Annotations

Branches:
Dungeon (15/15)            Temple (0/1) D:5            Lair (6/6) D:8
  Swamp (4/4) Lair:3        Snake (4/4) Lair:2        Slime (0/5) Lair:5
    Orc (2/2) D:12            Elf (0/3) Orc:2        Vaults (5/5) D:14
  Crypt (0/3) Vaults:2     Depths (3/4) D:15         Bailey (visited)
Gauntlet (visited)

Altars:
Kikubaaqudgha
Nemelex Xobeh
Okawaru
Trog
Xom
The Shining One

Shops:
D:7 [   D:9 (   D:12 :   D:15 *   Orc:2 *([=   Snake:2 :=:   Vaults:3 (
Vaults:5 (   Depths:2 *=

Portals:
Hell: Depths:1 Depths:2
Abyss: Depths:1
Pandemonium: Depths:2

Annotations:
D:7 3 runed translucent doors, Estrea's ghost, novice MiGl; Jonnyslop's ghost, novice DDNe
D:10 3 runed translucent doors, Host24's ghost, journeyman KoHu; geeeeen's ghost, journeyman DsVM
Lair:3 exclusion: oklob plant
Depths:1 1 runed translucent door
Depths:3 Frederick


Innate Abilities, Weirdness & Mutations

You have a pair of horns on your head.
You reflexively headbutt those who attack you in melee.


Message History

BOUMMMMG!
You block the ice dragon's attack.
PANG!
A tengu warrior comes into view. It is wielding a +3 battleaxe.
A vampire knight comes into view.
It is wielding a +0 halberd and wearing a +2 chain mail of cold resistance.
The frost giant zombie hits you.
You slice the ice dragon!! You burn the ice dragon!!
You kill the ice dragon!
Okawaru accepts your kill.
The ice dragon scales are intact enough to wear.
You slice the frost giant zombie!! You burn the frost giant zombie.
You block Frederick's attack.
BOUMMMMG!
The vampire knight mumbles some strange words.
The vampire knight flickers and vanishes for a moment.
You hear a deafening roar!
You slice the frost giant zombie!! You burn the frost giant zombie.
You destroy the frost giant zombie!
Okawaru accepts your kill.
Frederick drinks a potion.
Frederick seems to speed up.
You slice the spellforged servitor!! You burn the spellforged servitor.
You headbutt the spellforged servitor!
The spellforged servitor is heavily damaged.
You block Frederick's attack.
GONNNNG!
Frederick gestures at you while chanting.
The bolt of cold hits you!!!
You feel a terrible chill!
* * * LOW HITPOINT WARNING * * *
You see here a deep troll corpse.
The spellforged servitor gestures at you while chanting.
The lance of force hits you!
* * * LOW HITPOINT WARNING * * *
You are knocked back by the lance of force.
You slam into the rock wall!
* * * LOW HITPOINT WARNING * * *
You feel much better. You block Frederick's attack.
PANG!
Frederick casts a spell at you. The bolt of cold hits you!!!!
You feel a terrible chill!
You die...

....V..........
# #)[....Z#
#.###†[V..#
#..†.##..#
#.......Q##
###.....[@##
##...9#†.##
#........##
###..@.#..##
#..<.....#
##.......#
###...##.≈
#....##≈.
......##≈
####....# #...#
#...


You could see Frederick (fast), a spellforged servitor (summoned) and a vampire
knight (invisible).

Vanquished Creatures
  A dread lich (Vaults:4)
  An ancient lich (Vaults:5)
  Mara (Swamp:3)
  Saint Roka (Snake:2)
  the Lernaean hydra (Swamp:4)
  Margery (Vaults:4)
  Vashnia (Snake:4)
  Nikola (Snake:1)
  3 golden dragons
  the Enchantress (Depths:1)
  4 tentacled monstrosities
  The ghost of Radamante the Tortoise, an adept MiAK of Lugonu (Depths:1)
  Jorgrun (D:12)
  Rupert (D:13)
  2 liches
  6 titans
  Frances (D:14)
  A quicksilver dragon (Vaults:5)
  2 sphinxes
  2 thorn hunters (Swamp:4)
  Kirke (Snake:3)
  A storm dragon (Vaults:5)
  4 tengu reavers
  3 shadow dragons (Vaults:5)
  4 nagarajas
  A fenstrider witch (Swamp:4)
  2 fire giants (Vaults:5)
  4 frost giants
  A balrug (Depths:1)
  2 orc warlords
  Aizul (Snake:1)
  17 vault wardens
  2 deep elf sorcerers (Vaults:5)
  11 stone giants
  17 ironbound preservers
  6 spriggan defenders
  9 war gargoyles
  4 eleionomae
  9 ironbound thunderhulks
  18 very ugly things
  A deep elf demonologist (Vaults:5)
  An entropy weaver (Vaults:3)
  5 bunyips
  A minotaur (Gauntlet)
  2 deep elf annihilators (Vaults:5)
  2 vampire knights (Depths:2)
  13 dire elephants
  8 ettins
  An eidolon (Vaults:2)
  3 crystal guardians
  A deep elf death mage (Vaults:2)
  17 yaktaur captains
  3 jiangshi (Depths:1)
  5 fire dragons
  5 great orbs of eyes
  34 vault guards
  A deep elf high priest (Vaults:5)
  4 salamander tyrants
  3 rakshasas
  12 naga warriors
  7 boulder beetles
  2 ice dragons
  2 ghost crabs
  3 ogre magi
  5 ironbound frosthearts
  14 anacondas
  17 hydras
  6 spriggan air magi
  A merfolk avatar (Lair:6)
  5 peacekeepers
  8 two-headed ogres
  8 centaur warriors
  3 dancing weapons
  4 alligators
  3 deep troll earth magi
  3 death yaks (Lair:6)
  2 orc high priests (Orc:2)
  2 vampire magi
  3 deep troll shamans
  3 tengu warriors
  A storm dragon zombie (D:15)
  Urug (Lair:1)
  18 naga sharpshooters
  12 hell knights
  Sonja (Lair:1)
  3 shock serpents
  A sun demon (Depths:1)
  10 skeletal warriors
  5 iron trolls
  8 goliath frogs
  A sea snake (Lair:6)
  4 salamander mystics
  2 flayed ghosts
  4 spriggan druids
  56 deep trolls
  11 swamp dragons
  13 bog bodies
  2 spriggan simulacra (Snake:4)
  12 wizards
  11 orc knights
  8 naga ritualists
  5 phantasmal warriors
  14 ironbound convokers
  2 lindwurms (Vaults:2)
  6 harpies
  7 necromancers
  5 mana vipers
  An iron dragon zombie (D:15)
  3 orc sorcerers
  15 salamanders
  66 ugly things
  2 will-o-the-wisps
  A fire giant zombie (D:15)
  2 cyclopes
  A mana viper (shapeshifter) (Vaults:4)
  2 frost giant zombies (Depths:3)
  13 naga magi
  3 manticores
  14 guardian serpents
  An elf zombie (Vaults:3)
  12 elephants
  Joseph (D:9)
  30 black mambas
  A smoke demon (Depths:1)
  19 vault sentinels
  A titan simulacrum (Depths:3)
  A torpor snail (Lair:4)
  A rime drake (Lair:5)
  18 cane toads
  9 komodo dragons
  An unseen horror (D:10)
  24 yaktaurs
  A yaktaur zombie (Vaults:3)
  A human zombie (Vaults:3)
  4 freezing wraiths
  An anaconda simulacrum (Snake:4)
  A guardian mummy (D:15)
  2 tengu conjurers (Depths:2)
  A queen bee (D:13)
  A bloated husk (Swamp:1)
  3 polar bears
  3 meliai (D:13)
  5 trolls
  A wind drake (Lair:6)
  13 hornets
  5 blink frogs
  9 tyrant leeches
  8 slime creatures
  A snapping turtle (Lair:6)
  2 dream sheep (Lair:4)
  A human simulacrum (Vaults:3)
  A spriggan (shapeshifter) (Depths:2)
  2 water elementals (Depths:1)
  A spriggan skeleton (D:15)
  7 wyverns
  15 spriggans
  3 wraiths
  2 vampires
  63 yaks
  4 steam dragons
  5 basilisks
  2 redbacks (Vaults:3)
  3 humans (Snake:3)
  2 vampire mosquitoes (D:13)
  Menkaure (D:6)
  14 swamp worms
  4 wargs
  A harpy simulacrum (Snake:4)
  13 water moccasins
  36 nagas
  An acid dragon (shapeshifter) (D:14)
  A floating eye (Depths:2)
  39 orc warriors
  9 swamp drakes
  An ice beast (D:8)
  A sky beast (D:5)
  2 black bears
  An alligator simulacrum (Snake:4)
  3 boggarts (Vaults:1)
  9 ogres
  3 necrophages
  4 wolves (Lair:2)
  3 centaurs
  Blork the orc (D:6)
  A gnoll sergeant (D:8)
  3 kobold brigands
  9 bullfrogs
  2 scorpions
  3 deep troll simulacra (Snake:4)
  2 water moccasin skeletons
  21 killer bees (D:13)
  5 electric eels
  4 centaur zombies
  A crimson imp (D:9)
  A hound (D:5)
  15 jellies
  8 orc priests
  Crazy Yiuf (D:6)
  A centaur skeleton (D:7)
  A gnoll shaman (D:9)
  Jessica (D:2)
  An iguana (D:7)
  21 orc wizards
  A hound skeleton (D:4)
  A howler monkey zombie (D:9)
  22 gnolls
  5 adders
  2 shadow imps
  A white imp (D:6)
  4 ufetubi
  An adder skeleton (D:4)
  2 worms
  3 dart slugs
  91 orcs
  12 ball pythons
  4 bats
  12 endoplasms
  4 giant cockroaches
  10 goblins
  7 hobgoblins
  6 jackals
  5 quokkas
  3 frilled lizards
  22 kobolds
  2 rats
  2 briar patches (Swamp:4)
  A plant (Swamp:4)
1482 creatures vanquished.

Vanquished Creatures (others)
  A deep elf demonologist (Vaults:5)
  A spriggan (Swamp:4)
  A wizard (Vaults:4)
  A bog body (Swamp:4)
  A black mamba (Snake:1)
  A salamander (Snake:1)
  A naga mage (Snake:1)
  4 bloated husks
  A hornet (Swamp:4)
  A swamp drake (Swamp:4)
  3 orcs
  2 briar patches (Swamp:4)
  12 foxfires
  27 fungi
  45 plants
  11 withered plants
113 creatures vanquished.

Grand Total: 1595 creatures vanquished

Notes
Turn   | Place    | Note
-------+----------+-------------------------------------------
     0 | D:1      | Softman25 the Minotaur Fighter began the quest for the Orb.
     0 | D:1      | Reached XP level 1. HP: 19/19 MP: 0/0
   170 | D:1      | Reached XP level 2. HP: 20/27 MP: 1/1
   364 | D:1      | Found a faded altar of an unknown god.
   469 | D:1      | Prayed at the altar of an unknown god.
   469 | D:1      | Became a worshipper of Warmaster Okawaru
   469 | D:1      | Reached * piety under Okawaru
   664 | D:1      | Reached XP level 3. HP: 33/33 MP: 2/2
  1183 | D:2      | Noticed Jessica
  1189 | D:2      | Killed Jessica
  1190 | D:2      | Reached XP level 4. HP: 41/41 MP: 3/3
  1786 | D:3      | Reached skill level 5 in Fighting
  1839 | D:3      | Reached XP level 5. HP: 18/48 MP: 4/4
  2641 | D:3      | Noticed an ogre
  2648 | D:3      | Killed an ogre
  2648 | D:3      | Reached ** piety under Okawaru
  2649 | D:3      | Reached skill level 5 in Axes
  2649 | D:3      | Reached XP level 6. HP: 42/57 MP: 2/5
  2832 | D:3      | Identified the +6 dagger of Ointment {elec, *Corrode rPois
                  | rF+ Int+6}
  2998 | D:4      | Reached skill level 5 in Armour
  3320 | D:4      | Reached XP level 7. HP: 64/64 MP: 6/6
  3704 | D:5      | Entered Level 5 of the Dungeon
  4015 | D:5      | Identified the +1 chain mail of Exclusion {+Blink Str+4
                  | Stlth+}
  4443 | D:5      | Found a staircase to the Ecumenical Temple.
  4807 | D:6      | Reached *** piety under Okawaru
  4813 | D:6      | Reached XP level 8. HP: 70/73 MP: 4/7
  5395 | D:6      | Noticed Menkaure
  5413 | D:6      | Killed Menkaure
  5588 | D:6      | Found a runed translucent door.
  5589 | D:6      | Noticed Crazy Yiuf
  5697 | D:6      | Killed Crazy Yiuf
  6049 | D:6      | Reached **** piety under Okawaru
  6080 | D:6      | Noticed Blork the orc
  6083 | D:6      | Killed Blork the orc
  6151 | D:6      | Identified the +0 scale mail "Vufak" {Slay+3}
  6227 | D:7      | Found Paneagh's Antique Armour Boutique.
  6239 | D:7      | Reached XP level 9. HP: 72/82 MP: 8/8
  6257 | D:7      | Found a runed translucent gate.
  6257 | D:7      | Found a runed translucent gate.
  6257 | D:7      | Found a runed translucent gate.
  6258 | D:7      | Noticed Jonnyslop's ghost (novice DDNe)
  6259 | D:7      | Noticed Estrea's ghost (novice MiGl)
  6434 | D:7      | Found a flagged portal.
  6445 | D:7      | Reached skill level 10 in Axes
  6447 | Bailey   | Entered a bailey
  7281 | D:7      | Identified a scroll of acquirement
  7281 | D:7      | Acquired 1074 gold pieces
  7383 | D:7      | Bought a buzzing plate armour for 588 gold pieces
  7383 | D:7      | Identified the +10 plate armour of Negation {Rampage
                  | *Corrode Fly} (You bought it in a shop on level 7 of the
                  | Dungeon)
  7446 | D:8      | Found a staircase to the Lair.
  7517 | D:8      | Reached skill level 1 in Invocations
  7684 | D:8      | Found a sparkling altar of Nemelex Xobeh.
  7797 | D:8      | Reached ***** piety under Okawaru
  7810 | D:8      | Got the Catalogue of Combat Magic
  8068 | D:9      | Found Teustich's Antique Weapon Boutique.
  8262 | D:9      | Reached XP level 10. HP: 89/92 MP: 11/11
  8284 | D:9      | Noticed Joseph
  8295 | D:9      | Killed Joseph
  8675 | D:9      | Noticed a wizard
  8679 | D:9      | Killed a wizard
  8680 | D:9      | Reached skill level 10 in Fighting
  8680 | D:9      | Reached skill level 10 in Armour
  8708 | D:10     | Entered Level 10 of the Dungeon
  8955 | D:10     | Noticed a two-headed ogre
  8959 | D:10     | Killed a two-headed ogre
  9216 | D:10     | Received a gift from Okawaru
  9473 | D:10     | Found a runed translucent gate.
  9474 | D:10     | Found a runed translucent gate.
  9475 | D:10     | Found a runed translucent gate.
  9476 | D:10     | Noticed Host24's ghost (journeyman KoHu)
  9477 | D:10     | Noticed geeeeen's ghost (journeyman DsVM)
  9596 | D:11     | Reached skill level 5 in Invocations
  9658 | D:11     | Reached XP level 11. HP: 97/101 MP: 13/13
  9854 | D:11     | Noticed a skeletal warrior
  9854 | D:11     | Noticed a skeletal warrior
  9854 | D:11     | Noticed a skeletal warrior
  9854 | D:11     | Noticed a skeletal warrior
 10034 | D:10     | Killed a skeletal warrior
 10039 | D:10     | Killed a skeletal warrior
 10091 | D:10     | Killed a skeletal warrior
 10099 | D:10     | Killed a skeletal warrior
 10215 | D:11     | Noticed a boulder beetle
 10235 | D:11     | Killed a boulder beetle
 10254 | D:11     | Found a bloodstained altar of Trog.
 10283 | D:11     | Noticed a skeletal warrior
 10299 | D:11     | Killed a skeletal warrior
 10299 | D:11     | Reached ****** piety under Okawaru
 10448 | D:11     | Received a gift from Okawaru
 10666 | Lair:1   | Entered Level 1 of the Lair of Beasts
 10875 | Lair:1   | Noticed Urug
 10886 | Lair:1   | Killed Urug
 10926 | Lair:1   | Reached XP level 12. HP: 105/112 MP: 16/16
 11022 | Lair:1   | Noticed Sonja
 11026 | Lair:1   | Killed Sonja
 11026 | Lair:1   | Received a gift from Okawaru
 11148 | Lair:1   | You are sucked into a shaft and drop 1 floor!
 11184 | Lair:2   | Found a staircase to the Snake Pit.
 11604 | Lair:2   | Reached skill level 15 in Axes
 11659 | Lair:2   | Identified the +0 leather armour of the Gravedigger {Will+
                  | Dex+2}
 11692 | Lair:2   | Noticed a boulder beetle
 11729 | Lair:2   | Killed a boulder beetle
 12118 | Lair:3   | Identified the +3 ring mail "Digaoczi" {rF- rC+ Will+
                  | Stlth+} (Okawaru gifted it to you on level 3 of the Lair of
                  | Beasts)
 12118 | Lair:3   | Received a gift from Okawaru
 12208 | Lair:3   | Found a staircase to the Swamp.
 12521 | Lair:3   | Noticed a seven-headed hydra
 12693 | Lair:4   | Noticed a five-headed hydra
 12704 | Lair:4   | Killed a seven-headed hydra
 12705 | Lair:4   | Reached XP level 13. HP: 124/124 MP: 9/17
 12807 | Lair:4   | Found a gate leading to a gauntlet.
 12914 | Gauntlet | Entered a Gauntlet
 12914 | Gauntlet | Found a transporter.
 12922 | Gauntlet | Found a transporter.
 12925 | Gauntlet | Found a transporter.
 12926 | Gauntlet | Found a transporter.
 12932 | Gauntlet | Found a runed translucent gate.
 12932 | Gauntlet | Found a runed translucent gate.
 12932 | Gauntlet | Found a runed translucent gate.
 12934 | Gauntlet | Found a transporter.
 12937 | Gauntlet | Found a transporter.
 12938 | Gauntlet | Found a transporter.
 12949 | Gauntlet | Found a transporter.
 12950 | Gauntlet | Found a transporter.
 12951 | Gauntlet | Found a transporter.
 13022 | Gauntlet | Identified the +12 war axe of Lublant {flame, rPois rF+ rC-
                  | SInv}
 13022 | Gauntlet | Noticed a minotaur
 13032 | Gauntlet | Killed a minotaur
 13044 | Gauntlet | Identified the +0 ring mail of the Dragon {Contam rElec
                  | Str-5 Stlth+}
 13048 | Gauntlet | Got the Incunabulum of Dislocation
 13426 | Lair:5   | Received a gift from Okawaru
 13574 | Lair:5   | Reached skill level 15 in Fighting
 13625 | Lair:5   | Found a staircase to the Slime Pits.
 14222 | Lair:6   | Entered Level 6 of the Lair of Beasts
 14288 | Lair:6   | Reached skill level 5 in Shields
 14657 | Lair:6   | Identified the +0 pair of boots of Watchfulness {Int+3
                  | Stlth+} (Okawaru gifted it to you on level 6 of the Lair of
                  | Beasts)
 14657 | Lair:6   | Received a gift from Okawaru
 14702 | Lair:6   | Reached XP level 14. HP: 82/138 MP: 18/18
 14782 | Lair:6   | Found the +5 scythe "Finisher" {speed, eviscerate}
 15281 | D:12     | Found the +18 shield of the Gong {rElec rN+ Will+ EV-5}
 15323 | D:12     | Noticed Jorgrun
 15333 | D:12     | Killed Jorgrun
 15386 | D:12     | Found a staircase to the Orcish Mines.
 15698 | D:12     | Found Deimnis's Book Boutique.
 15976 | D:13     | Reached skill level 15 in Armour
 16024 | D:13     | Found an ancient bone altar of Kikubaaqudgha.
 16097 | D:13     | Noticed Rupert
 16118 | D:13     | Killed Rupert
 16785 | D:14     | Found a gate to the Vaults.
 16805 | D:14     | Noticed Frances
 16841 | D:14     | Killed Frances
 17152 | D:14     | Received a gift from Okawaru
 17152 | D:14     | Found the +8 frozen axe "Frostbite" {freezing cloud, *Noise
                  | Fly rC+}
 17738 | Orc:1    | Entered Level 1 of the Orcish Mines
 17949 | Orc:2    | Entered Level 2 of the Orcish Mines
 17979 | Orc:2    | Noticed an orc warlord
 18106 | Orc:1    | Killed an orc warlord
 18131 | Orc:1    | Reached XP level 15. HP: 134/147 MP: 19/19
 18399 | Orc:2    | Reached skill level 10 in Shields
 18816 | Orc:2    | Found a staircase to the Elven Halls.
 18850 | Orc:2    | Found Coradeca's Antique Armour Emporium.
 18859 | Orc:2    | Bought a runed cloak for 180 gold pieces
 18900 | Orc:2    | Found Vuokash's General Store.
 18942 | Orc:2    | Found Ujyrodaj's Antique Weapon Shop.
 19006 | Orc:2    | Found Ovolaewe's Jewellery Shop.
 19014 | Orc:2    | Bought a +4 ring of slaying for 1404 gold pieces
 19588 | Swamp:1  | Entered Level 1 of the Swamp
 19592 | Swamp:1  | Identified the +7 trident of Valiance {elec, rC+ MP+9}
                  | (Okawaru gifted it to you on level 1 of the Swamp)
 19592 | Swamp:1  | Received a gift from Okawaru
 20751 | Swamp:2  | Received a gift from Okawaru
 20785 | Swamp:2  | Identified the +0 robe of Bugup {Str+4} (Okawaru gifted it
                  | to you on level 2 of the Swamp)
 20785 | Swamp:2  | Received a gift from Okawaru
 21222 | Swamp:3  | Noticed Mara
 21243 | Swamp:3  | Killed Mara
 21685 | Swamp:4  | Entered Level 4 of the Swamp
 21813 | Swamp:3  | Reached XP level 16. HP: 101/155 MP: 20/20
 22166 | Swamp:4  | Noticed a thorn hunter
 22189 | Swamp:4  | Paralysed by a fenstrider witch for 4 turns
 22198 | Swamp:4  | Killed a thorn hunter
 22198 | Swamp:4  | Identified the +2 long sword of Hifixyg {flame, *Noise
                  | rC+++ Str-5 Stlth+} (Okawaru gifted it to you on level 4 of
                  | the Swamp)
 22198 | Swamp:4  | Received a gift from Okawaru
 22522 | Swamp:4  | Noticed a thorn hunter
 22745 | Swamp:4  | Killed a thorn hunter
 22872 | Swamp:4  | Noticed the 27-headed Lernaean hydra
 22878 | Swamp:4  | Killed the 23-headed Lernaean hydra
 22878 | Swamp:4  | Received a gift from Okawaru
 22884 | Swamp:4  | Got a decaying rune of Zot
 23632 | Snake:1  | Entered Level 1 of the Snake Pit
 23657 | Snake:1  | Reached skill level 1 in Dodging
 23729 | Snake:1  | Noticed Nikola
 23750 | Snake:1  | Killed Nikola
 23750 | Snake:1  | Identified the +6 battleaxe of the Hidden Dances {spect,
                  | +Blink Will- Dex+3} (Okawaru gifted it to you on level 1 of
                  | the Snake Pit)
 23750 | Snake:1  | Received a gift from Okawaru
 23956 | Snake:1  | Noticed Aizul
 23966 | Snake:1  | Killed Aizul
 24471 | Snake:1  | Reached skill level 5 in Dodging
 24835 | Snake:2  | Received a gift from Okawaru
 25032 | Snake:2  | Noticed Saint Roka
 25059 | Snake:2  | Killed Saint Roka
 25417 | Snake:2  | Found Fiacku's Book Emporium.
 25417 | Snake:2  | Found Ramyig's Jewellery Boutique.
 25418 | Snake:2  | Found Sucizxu's Book Emporium.
 25690 | Snake:3  | Reached XP level 17. HP: 168/168 MP: 21/21
 25754 | Snake:3  | Identified the +7 broad axe of Earthquakes {antimagic,
                  | rPois Str+7 Int-3 Stlth+} (Okawaru gifted it to you on
                  | level 3 of the Snake Pit)
 25754 | Snake:3  | Received a gift from Okawaru
 26080 | Snake:3  | Noticed Kirke
 26088 | Snake:3  | Killed Kirke
 26528 | Snake:3  | Reached skill level 10 in Dodging
 26744 | Snake:3  | Got the Reference Book on Bewitching Flames
 27109 | Snake:4  | Entered Level 4 of the Snake Pit
 27147 | Snake:4  | Identified the +2 pair of gloves of Uhamel {rC- rN++}
                  | (Okawaru gifted it to you on level 4 of the Snake Pit)
 27147 | Snake:4  | Received a gift from Okawaru
 28662 | Snake:4  | Noticed Vashnia
 28671 | Snake:4  | Reached XP level 18. HP: 140/182 MP: 16/22
 28681 | Snake:4  | Killed Vashnia
 28681 | Snake:4  | Received a gift from Okawaru
 28681 | Snake:4  | Found the +0 pair of fencer's gloves {Riposte Dex+3}
 28874 | Snake:4  | Got a serpentine rune of Zot
 29202 | D:15     | Entered Level 15 of the Dungeon
 29253 | D:15     | Found a staircase to the Depths.
 29253 | D:15     | Found Ytiegadale's Assorted Antiques.
 29323 | D:15     | Bought a transparent hat for 234 gold pieces
 29323 | D:15     | Identified the +0 hat of Raomm {rElec rF- Str+8 Dex+3} (You
                  | bought it in a shop on level 15 of the Dungeon)
 29836 | Vaults:1 | Entered Level 1 of the Vaults
 30599 | Vaults:1 | Identified the +1 chain mail "Vykiufuajey" {Dex+4 Stlth+}
                  | (Okawaru gifted it to you on level 1 of the Vaults)
 30599 | Vaults:1 | Received a gift from Okawaru
 31423 | Vaults:2 | Reached XP level 19. HP: 180/198 MP: 23/23
 32060 | Vaults:2 | Found a staircase to the Crypt.
 32842 | Vaults:3 | Received a gift from Okawaru
 33434 | Vaults:3 | Found Huqowenk's Antique Weapon Shop.
 33470 | Vaults:3 | Received a gift from Okawaru
 34624 | Vaults:4 | Noticed Margery
 34642 | Vaults:4 | Killed Margery
 34642 | Vaults:4 | Received a gift from Okawaru
 34643 | Vaults:4 | Reached XP level 20. HP: 95/211 MP: 17/24
 34813 | Vaults:4 | Received a gift from Okawaru
 35989 | Vaults:5 | Entered Level 5 of the Vaults
 36044 | Vaults:5 | Noticed a dread lich
 36052 | Vaults:4 | Received a gift from Okawaru
 36065 | Vaults:4 | Killed a dread lich
 36075 | Vaults:5 | Found the +8 mithril axe "Arga" {speed, Will+}
 36269 | Vaults:5 | Identified the +1 chain mail of Optimism {Dex+5} (Okawaru
                  | gifted it to you on level 5 of the Vaults)
 36269 | Vaults:5 | Received a gift from Okawaru
 36508 | Vaults:5 | Reached skill level 27 in Fighting
 36513 | Vaults:5 | Reached XP level 21. HP: 197/224 MP: 25/25
 36575 | Vaults:5 | Identified the +5 trident of Eternal War {antimagic, rElec
                  | rPois Str+3 SInv}
 36581 | Vaults:5 | Reached skill level 27 in Armour
 36581 | Vaults:5 | Reached skill level 15 in Shields
 36587 | Vaults:5 | Identified the +11 hand crossbow "Lebly" {penet, Str+2}
 36587 | Vaults:5 | Identified the +1 plate armour "Hoererch" {*Corrode rC+
                  | rN+++ Dex+3}
 36589 | Vaults:5 | Identified the +3 shortbow of Impatience {freeze, rPois rC+
                  | rN+ Int+6}
 36766 | Vaults:5 | Noticed a golden dragon
 36786 | Vaults:5 | Killed a golden dragon
 36950 | Vaults:5 | Noticed an ancient lich
 36958 | Vaults:5 | Killed an ancient lich
 37004 | Vaults:5 | Noticed a golden dragon
 37011 | Vaults:5 | Killed a golden dragon
 37022 | Vaults:5 | Received a gift from Okawaru
 37395 | Vaults:5 | Got Poos's Almanac of the Blaze
 37437 | Vaults:5 | Got a silver rune of Zot
 37449 | Vaults:5 | Received a gift from Okawaru
 38015 | Vaults:5 | Found Piget's Weapon Shoppe.
 38027 | Vaults:5 | Got Thaumaturgy, Part Two
 38190 | Depths:1 | Entered Level 1 of the Depths
 38282 | Depths:1 | Found a gateway to Hell.
 38299 | Depths:1 | Identified the +7 plate armour "Gurhiest" {Dex+6}
 38348 | Depths:1 | Found a runed translucent door.
 38348 | Depths:1 | Found a shimmering altar of Xom.
 38348 | Depths:1 | Identified the +3 rapier "Orb Guardian's Bane" {chaos,
                  | *Slow Dex+10}
 38349 | Depths:1 | Noticed Radamante's ghost (adept MiAK)
 38390 | Depths:1 | Killed Radamante's ghost
 38448 | Depths:1 | Found a one-way gate to the infinite horrors of the Abyss.
 38497 | Depths:1 | Found a glowing golden altar of the Shining One.
 38503 | Depths:1 | Found a runed translucent door.
 38813 | Depths:1 | Noticed the Enchantress
 38816 | Depths:1 | Identified the +0 robe of the Flute {rCorr Stlth+}
 38824 | Depths:1 | Killed the Enchantress
 39351 | Depths:2 | Found a one-way gate leading to the halls of Pandemonium.
 39358 | Depths:2 | Received a gift from Okawaru
 39768 | Depths:2 | Paralysed by a floating eye for 2 turns
 39797 | Depths:2 | Reached XP level 22. HP: 145/233 MP: 26/26
 40079 | Depths:2 | Received a gift from Okawaru
 40464 | Depths:2 | Found Egityistru's Jewellery Emporium.
 40550 | Depths:2 | Found Big Baal Hell's Store.
 40732 | Depths:3 | Noticed a golden dragon
 40761 | Depths:3 | Killed a golden dragon
 40765 | Depths:3 | Noticed Frederick
 40783 | Depths:3 | HP: 11/233 [rock wall collision[Frederick] (5)]
 40785 | Depths:3 | Killed from afar by Frederick

Illustrated notes

Levels and vault maps discovered:
D:1:      elethiomel_arrival_infinity_welcomes_careful_drivers, layout_basic,
          nicolae_ecumenical_snake_handling
D:2:      layout_loops_ring, kennysheep_path_1, uniq_jessica
D:3:      layout_basic
D:4:      layout_rooms, minmay_ruptured
D:5:      layout_loops_ring, minmay_temple_entry_nine_rooms
D:6:      layout_basic, st_stairs_12, uniq_blork_the_orc,
          uniq_crazy_yiuf_cottage, uniq_menkaure
D:7:      layout_gridville, serial_shops, shop_statue, enter_bailey_5,
          gammafunk_ghost_cemetery
D:8:      layout_rooms, kennysheep_little_box, lair_entry_dummy
D:9:      layout_rooms, serial_shops, nicolae_inconvenience_store,
          lightli_wizard_tower, uniq_joseph
D:10:     layout_irregular_city, gammafunk_ghost_cemetery,
          kennysheep_generic_room_11
D:11:     layout_stronghold, bloody_trog
D:12:     layout_gridville, orc_0_dummy, serial_shops, kennysheep_mini,
          uniq_jorgrun
D:13:     layout_roguey [special_room_bee], kiku_gazebo_pond_becter, uniq_rupert
D:14:     layout_irregular_city, erik_vaults_1, hangedman_decor_growths,
          uniq_frances
D:15:     gammafunk_depths_entry_grave, layout_rooms, minmay_misc_feat_square,
          serial_shops, shop
Lair:1:   layout_loops_ring, uniq_urug, uniq_sonja
Lair:2:   layout_big_grid, guppyfry_snake_entry_garden,
          infiniplex_staircase_pool
Lair:3:   layout_small_grid, nicolae_swamp_entry_splash_gauntlet,
          minmay_lair_oklob_bushes
Lair:4:   layout_hall_layers, gauntlet_entry_generic,
          kennysheep_catoblepas_arena, grunt_megastairs_4
Lair:5:   layout_cellular_growth, minmay_slime_entry_jelly_boxes
Lair:6:   gammafunk_lair_ancient_temple, layout_regular_city
Swamp:1:  nicolae_swamp_decorative_isthmus, layout_falls_marsh,
          evilmike_swamp_ruin_rubble_2, swamp_pool3, hangedman_swamp_blocks
Swamp:2:  layout_basic_swamp, evilmike_swamp_ruin_house_1
Swamp:3:  layout_falls_marsh, nicolae_swamp_fairy_circle,
          infiniplex_staircase_pool_2, uniq_mara
Swamp:4:  grunt_swamp_rune_castle, layout_basic_swamp
Snake:1:  layout_rooms, nicolae_snake_gridmaze_waves, nicolae_snake_lava_pool,
          grunt_megastairs_2, serial_bayou_shore_a, lemuel_fruit_tree,
          uniq_nikola, uniq_aizul
Snake:2:  layout_onion_interference, minmay_shop_grove, serial_bayou_shore_b,
          uniq_saint_roka
Snake:3:  layout_layer_cave, uniq_kirke
Snake:4:  grunt_snake_rune_serpentine_throne, layout_misc_corridors,
          portal_ice_cave_entry_ice_simulacra, nrook_loot_triangle,
          st_stairs_10, grunt_megastairs_3
Orc:1:    layout_diamond_mine
Orc:2:    grunt_orc_gardens, layout_diamond_mine, grunt_orc_garden,
          grunt_orc_garden, grunt_orc_garden, grunt_orc_garden,
          nicolae_orc_flooded_monolith
Vaults:1: v_misc_11, v_misc_14, v_misc_1, vaults_dpeg_ring,
          hangedman_vaults_hat, v_misc_27, nicolae_vaults_triangles,
          vaults_mumra_minichess_inversion, v_misc_25, st_hourglassy,
          ontoclasm_vaults_gateway, vaults_dpeg_hooks,
          ontoclasm_vaults_loading_screen, ontoclasm_vaults_ligature,
          layout_vaults_omnicross
Vaults:2: minmay_crypt_entry_simple_box, v_rooms_2, ontoclasm_vaults_spin,
          ontoclasm_vaults_fault, nicolae_vaults_specimen_jars,
          nicolae_vaults_three_branches, ontoclasm_vaults_idyll, v_misc_28,
          vaults_room_pools, grunt_vaults_hallway_short, layout_vaults_quadrants
Vaults:3: nicolae_vaults_little_squares_3, vaults_dpeg_cross,
          hangedman_vaults_maws, nicolae_vaults_windows_and_doors_thing,
          v_rooms_5, nicolae_vaults_little_ls, v_misc_29,
          nicolae_vaults_disjoint_gnomons, ontoclasm_vaults_loading_screen,
          v_misc_13, ontoclasm_vaults_shuriken, ontoclasm_vaults_ring_small,
          ontoclasm_vaults_loading_screen, vaults_room_corners,
          layout_vaults_ring, serial_shops, nicolae_shop_behind_doors
Vaults:4: v_misc_26, ontoclasm_vaults_eye, vaults_standard_mumra_x, v_misc_5,
          vaults_dpeg_spiral, hangedman_vaults_stream, v_misc_16, v_misc_1,
          st_smaller_cells, vaults_room_door_ring,
          nicolae_vaults_hallways_thing, layout_vaults_maze_bifur, uniq_margery
Vaults:5
Depths:1: layout_honeycomb, lightli_too_deep, ebering_ghost_xom,
          abyss_entry_crystal, kennysheep_small_spiral,
          chequers_serial_rivers_micro_b, hangedman_abyss_or_decor_slice,
          minmay_misc_feat_encased, lemuel_angel_altar, uniq_enchantress
Depths:2: kennysheep_windowed_halls, layout_cross, pan_entry,
          nicolae_hell_entry_big_baal_hell, ebering_dispersal_statue_hall,
          serial_shops, shop
Depths:3: nicolae_cairo_tiling_large_dashed, layout_twisted_cross,
          enter_ziggurat_b, nicolae_dithmenos_shadow_blocks,
          hangedman_geh_valley, nicolae_abyss_entry_one_way_or_another,
          serial_co_window_serial, co_window_corner_a, co_window_paths_b,
          co_window_corner_a, co_window_of_opportunity_a, co_window_corner_a,
          co_window_paths_b, co_window_paths_b, co_window_corner_ca,
          co_window_of_opportunity_c, glass_columns_b, uniq_frederick

Skill      XL: |  1  2  3  4  5  6  7  8  9 10 11 12 13 14 15 16 17 18 19 20 21 22 |
---------------+-------------------------------------------------------------------+-----
Fighting       | 4 5 6 7 8 9 10 12 14 16 17 19 21 23 25 27 | 27.0
Axes           | 3 4 5 6 7 9 11 12 13 17 18 20 | 20.0
Armour         | 4 5 6 7 9 11 13 14 16 19 21 25 26 27 | 27.0
Invocations    | 3 5 7 |  7.0
Shields        | 5 9 13 14 20 21 | 21.9
Dodging        | 7 10 | 10.0

Action                   |  1- 3 |  4- 6 |  7- 9 | 10-12 | 13-15 | 16-18 | 19-21 | 22-24 || total
-------------------------+-------+-------+-------+-------+-------+-------+-------+-------++-------
Melee: War axe           |    50 |   136 |   192 |       |   802 |   876 |  1095 |   174 ||  3325
       Headbutt          |     3 |    30 |    47 |    84 |   172 |   219 |   371 |    57 ||   983
       Broad axe         |       |       |    83 |    80 |       |       |       |       ||   163
       Battleaxe         |       |       |       |   335 |    33 |       |       |       ||   368
       Punch             |       |       |       |       |     5 |       |       |       ||     5
Throw: Boomerang         |       |       |       |     6 |       |       |     1 |       ||     7
Invok: Heroism           |       |     1 |     2 |     4 |     3 |     5 |     5 |     1 ||    21
       Finesse           |       |       |     1 |     4 |     3 |     5 |     3 |       ||    16
Evoke: Wand              |       |       |       |     1 |     1 |     4 |       |       ||     6
  Use: Scroll            |       |       |    15 |    13 |     1 |     4 |     2 |       ||    35
       Potion            |       |       |     1 |     2 |     1 |       |     5 |     1 ||    10
 Stab: Paralysed         |       |       |       |     1 |       |       |       |       ||     1
       Confused          |       |       |       |       |     1 |       |       |       ||     1
       Distracted        |       |       |       |       |       |     1 |       |       ||     1
Armor: Scale mail        |    19 |    12 |       |       |       |       |       |       ||    31
       Chain mail        |       |    50 |   120 |       |       |       |       |       ||   170
       Plate armour      |       |       |    63 |   368 |   267 |   362 |   256 |    34 ||  1350
Dodge: Dodged            |    28 |    35 |   123 |   246 |   134 |    65 |    87 |    12 ||   730
Block: Buckler           |    10 |    24 |    53 |    21 |       |       |       |       ||   108
       Kite shield       |       |       |       |       |   674 |  1154 |  1133 |   239 ||  3200
       Reflection        |       |       |       |       |    29 |   143 |    61 |       ||   233
       Other             |       |       |       |       |     2 |       |       |       ||     2
       Rpst.: War axe    |       |       |       |       |       |     4 |     8 |     3 ||    15
